 Dungeon Sprint DCSS version 0.27-a0-1359-ga2a4dfd6fd (webtiles) character file.

Game seed: 5608124875845787398

581 mhtbhm the Thaumaturge (level 7, -4/37 HPs)
             Began as a Deep Elf Earth Elementalist on June 28, 2021.
             Was an Elder of Vehumet.
             Killed by the air
             ... invoked by Gastronok
              (17 damage)
             ... in the Dungeon (Sprint VII: "The Pits").
             The game lasted 00:02:30 (571 turns).

mhtbhm the Thaumaturge (Deep Elf Earth Elementalist) Turns: 571, Time: 00:02:30

Health: -4/37      AC:  2    Str:  5    XL:     7   Next: 14%
Magic:  10/25      EV: 14    Int: 22    God:    Vehumet [****..]
Gold:   0          SH:  0    Dex: 15    Spells: 16/31 levels left

rFire    . . .     SeeInvis .   l - +2 dagger (drain)
rCold    . . .     Faith    .   (no shield)
rNeg     . . .     Spirit   .   b - +0 robe
rPois    .         Reflect  .   (no helmet)
rElec    .         Harm     .   (no cloak)
rCorr    .         Rampage  .   (no gloves)
Will     .....     NoTele   +   (no boots)
Stlth    +++.......             (no amulet)
HPRegen  0.12/turn              (no ring)
MPRegen  0.19/turn              (no ring)

@: no status effects
A: no striking features
a: Renounce Religion


You were in the Dungeon.
You worshipped Vehumet.
Vehumet was greatly pleased with you.
You visited 1 branch

Inventory:

Hand Weapons
 l - a +2 dagger of draining (weapon)
Missiles
 i - 17 stones
Armour
 b - a +0 robe (worn)
Scrolls
 h - a scroll of blinking
 j - 5 scrolls of amnesia
 k - a scroll of summoning
Potions
 a - 2 potions of invisibility
 c - 6 potions of curing
 d - 5 potions of heal wounds
 e - a potion of haste
 f - 5 potions of magic
 g - 3 potions of berserk rage


   Skills:
 + Level 0.5 Fighting
 + Level 5.7 Dodging
 + Level 4.9 Stealth
 + Level 12.8 Spellcasting
 + Level 1.8 Transmutations
 + Level 11.6 Earth Magic


You had 16 spell levels left.
You knew the following spells:

 Your Spells              Type           Power      Damage    Failure   Level
a - Sandblast             Erth           100%       2d20      1%          1
b - Passwall              Tmut/Erth      35%        N/A       1%          2
c - Stone Arrow           Conj/Erth      78%        3d11      1%          3
d - Lee's Rapid Deconstr  Erth           30%        3d17*     1%          5
e - Petrify               Tmut/Erth      43%        N/A       2%          4

Your spell library contained the following spells:

 Spells                   Type           Power      Damage    Failure   Level
 Dazzling Flash           Conj/Hex       28%        N/A       4%          3


Dungeon Overview and Level Annotations

Branches:
Dungeon (1/1)

Altars:
Ashenzari
Cheibriados
Dithmenos
Elyvilon
Fedhas
Gozag
Hepliaklqana
Kikubaaqudgha
Makhleb
Nemelex Xobeh
Okawaru
Qazlal
Ru
Sif Muna
Trog
Uskayaw
Vehumet
Wu Jian
Xom
Yredelemnul
Zin
The Shining One
Beogh
Jiyva
Lugonu

Annotations:
D Gastronok


Message History

Confirm with . or Enter, or press ? or * to list all spells.
Aiming: Petrify (dangerous; 2% risk of failure)
Press: ? - help, Shift-Dir - straight line, f - Gastronok
Aim: Gastronok, wearing a +1 hat (asleep, chance to affect: 19%)
Okay, then.
Casting: Petrify (dangerous; 2% risk of failure)
Confirm with . or Enter, or press ? or * to list all spells.
Aiming: Lee's Rapid Deconstruction (dangerous; 1% risk of failure)
Press: ? - help, Dir - move target A metal wall.
The metal wall shatters!
The blast of metal fragments hits Gastronok!!!
Gastronok is moderately wounded.
Gastronok gurgles horribly!
Gastronok waves his eye-stalks in wide circles.
The air twists around and strikes you!!
Ouch! That really hurt!
Unknown command.
Casting: Lee's Rapid Deconstruction (dangerous; 1% risk of failure)
Confirm with . or Enter, or press ? or * to list all spells.
Aiming: Lee's Rapid Deconstruction (dangerous; 1% risk of failure)
Press: ? - help, Dir - move target A metal wall.
The metal wall shatters!
The blast of metal fragments hits Gastronok!!!
Gastronok is heavily wounded.
Unknown command.
Unknown command.
Casting: Lee's Rapid Deconstruction (dangerous; 1% risk of failure)
Confirm with . or Enter, or press ? or * to list all spells.
Aiming: Lee's Rapid Deconstruction (dangerous; 1% risk of failure)
Press: ? - help, Dir - move target A metal wall.
The metal wall shatters!
The blast of metal fragments hits Gastronok!!!
Gastronok is severely wounded.
You hear a shout!
Gastronok waves his eye-stalks in wide circles.
The air twists around and strikes you!
You die...

#.#........##.......#
#'###########.......#
#.......# #########
#..###..# #)..)...#
##.###.##+#
#.......#w+
#..###..#'#
#..)....'@#
###########


You could see Gastronok.

Vanquished Creatures
  Sigmund (D)
  A floating eye (D)
  2 centaurs (D)
  2 phantoms (D)
  A river rat (D)
  A bat skeleton (D)
  2 endoplasms (D)
  A hobgoblin (D)
  A bat (D)
  2 frilled lizards (D)
  2 kobolds (D)
16 creatures vanquished.

Notes
Turn   | Place    | Note
-------+----------+-------------------------------------------
     0 | D        | mhtbhm the Deep Elf Earth Elementalist began the quest for
                  | the Orb.
     0 | D        | Reached XP level 1. HP: 10/10 MP: 6/6
    20 | D        | Found a bloodstained altar of Trog.
    20 | D        | Found a shimmering blue altar of Sif Muna.
    20 | D        | Found a viscous altar of Jiyva.
    20 | D        | Found a hazy altar of Hepliaklqana.
    20 | D        | Found an opulent altar of Gozag.
    21 | D        | Found a glowing golden altar of the Shining One.
    21 | D        | Found a glowing silver altar of Zin.
    21 | D        | Found a basalt altar of Yredelemnul.
    21 | D        | Found a shimmering altar of Xom.
    21 | D        | Found an ornate altar of the Wu Jian Council.
    21 | D        | Found a sacrificial altar of Ru.
    21 | D        | Found a stormy altar of Qazlal.
    21 | D        | Found an iron altar of Okawaru.
    21 | D        | Found a sparkling altar of Nemelex Xobeh.
    21 | D        | Found a burning altar of Makhleb.
    21 | D        | Found a blossoming altar of Fedhas.
    21 | D        | Found a white marble altar of Elyvilon.
    21 | D        | Found a shadowy altar of Dithmenos.
    21 | D        | Found a snail-covered altar of Cheibriados.
    23 | D        | Found a radiant altar of Vehumet.
    23 | D        | Found a corrupted altar of Lugonu.
    24 | D        | Found a hide-covered altar of Uskayaw.
    24 | D        | Found an ancient bone altar of Kikubaaqudgha.
    24 | D        | Found a broken altar of Ashenzari.
    31 | D        | Became a worshipper of Vehumet
    79 | D        | Reached skill level 4 in Spellcasting
   131 | D        | Reached * piety under Vehumet
   131 | D        | Offered knowledge of Freeze by Vehumet.
   177 | D        | Noticed a floating eye
   180 | D        | Paralysed by a floating eye for 4 turns
   186 | D        | Killed a floating eye
   186 | D        | Reached ** piety under Vehumet
   187 | D        | Reached skill level 8 in Spellcasting
   187 | D        | Reached XP level 2. HP: 14/15 MP: 1/13
   187 | D        | Reached XP level 3. HP: 18/19 MP: 1/14
   187 | D        | Reached XP level 4. HP: 23/24 MP: 1/16
   245 | D        | Learned a level 2 spell: Passwall
   249 | D        | Learned a level 3 spell: Stone Arrow
   349 | D        | Noticed a phantom
   363 | D        | Killed a phantom
   363 | D        | Offered knowledge of Searing Ray by Vehumet.
   364 | D        | Reached skill level 9 in Spellcasting
   364 | D        | Reached XP level 5. HP: 28/28 MP: 13/19
   404 | D        | Learned a level 5 spell: Lee's Rapid Deconstruction
   409 | D        | Learned a level 4 spell: Petrify
   414 | D        | Noticed a phantom
   415 | D        | Killed a phantom
   415 | D        | Reached *** piety under Vehumet
   415 | D        | Killed Sigmund
   415 | D        | Noticed a centaur
   416 | D        | Reached skill level 5 in Dodging
   416 | D        | Reached skill level 11 in Spellcasting
   416 | D        | Reached skill level 10 in Earth Magic
   416 | D        | Reached XP level 6. HP: 33/33 MP: 16/22
   418 | D        | Reached skill level 12 in Spellcasting
   422 | D        | Reached XP level 7. HP: 26/37 MP: 3/25
   561 | D        | Reached **** piety under Vehumet
   561 | D        | Offered knowledge of Dazzling Flash by Vehumet.
   568 | D        | Noticed Gastronok
   571 | D        | Killed from afar by Gastronok

Illustrated notes

Levels and vault maps discovered:
D:        pitsprint [storerooms_1, entrance_room_1, metal_vault_3, armoury_2,
          mini_pit_1, grid_room_1, main_hall_1, silver_pit, the_coven_3,
          the_vestibule_1, steel_vault_3, golden_pit, hallway_of_sentries,
          crystal_vault_2, iron_vault_2, final_vault]

Skill      XL: |  1  2  3  4  5  6 |
---------------+-------------------+-----
Spellcasting   | 8 9 11 12 | 12.8
Earth Magic    | 7 8 10 11 | 11.6
Dodging        | 4 5 |  5.7
Stealth        | 3 4 |  4.9
Fighting       | |  0.5
Transmutations | |  1.8

Action                   |  1- 3 |  4- 6 |  7- 9 || total
-------------------------+-------+-------+-------++-------
 Cast: Sandblast         |    13 |     8 |     2 ||    23
       Lee's Rapid Decon |       |     4 |     3 ||     7
  Use: Potion            |       |     1 |       ||     1
Dodge: Dodged            |     2 |     2 |     1 ||     5

Table legend: (Time is in decaauts)
 A = Elapsed time spent in this place.
 B = Non-inter-level travel time spent in this place.
 C = Inter-level travel time spent in this place.
 D = Time resting spent in this place.
 E = Time spent auto-exploring this place.
 F = Levels seen in this place.
 G = Mean time per level.
                   A        B        C        D        E       F      G
               +--------+--------+--------+--------+--------+-----+--------+
         Total |    570 |    570 |      0 |    322 |     37 |   1 |  570.0 |
       Dungeon |    570 |    570 |      0 |    322 |     37 |   1 |  570.0 |
               +--------+--------+--------+--------+--------+-----+--------+

Top non-repeatable levels by time:
       D: 570 daAuts
